ITL
UTICA UNICORNS @ BLUEVILLE 83'S
04/09/2028
 
TOP OF THE 1ST
Utica Unicorns batting - Pitching for Blueville 83's : RHP Frank Davis
Pitching: RHP Frank Davis
Batting: RHB Fernando Gálvez 0-0: Ball
1-0: Swinging Strike
1-1: Fly out, F2 (Popup, 25)
Batting: RHB Gerald Burnett 0-0: Ball
1-0: Ball
2-0: Ball
3-0: Base on Balls
Batting: LHB Pablo Reyes 0-0: Called Strike
0-1: SINGLE (Line Drive, 8LS)
Gerald Burnett to second
Batting: RHB Carlos García 0-0: Ball
1-0: Called Strike
1-1: Ball
2-1: Ball
3-1: Base on Balls
Gerald Burnett to third
Pablo Reyes to second
Batting: LHB Mitchell Oglethorpe 0-0: Called Strike
0-1: Swinging Strike
0-2: Ball
1-2: Ball
Wild Pitch!
Gerald Burnett scores
Pablo Reyes to third
Carlos García to second
2-2: Strikes out swinging
Batting: SHB Conan Hanson 0-0: Ball
1-0: Ball
2-0: Ball
3-0: Base on Balls
Batting: LHB Tony O'Bryan 0-0: Called Strike
0-1: Swinging Strike
0-2: Strikes out swinging
Top of the 1st over - 1 run(s), 1 hit(s), 0 error(s), 3 left on base; Utica 1 - Blueville 0
BOTTOM OF THE 1ST
Blueville 83's batting - Pitching for Utica Unicorns : RHP Don Wiggins
Pitching: RHP Don Wiggins
Batting: SHB Bob Noble 0-0: Ground out 4-3 (Groundball, 4M)
Batting: RHB Matt Perkins 0-0: Ball
1-0: Ball
2-0: SINGLE (Line Drive, 7LS)
Batting: RHB Tae-kwon Kwon 0-0: Called Strike
0-1: Swinging Strike
0-2: Grounds into double play, 6-4-3 (Groundball, 6)
Bottom of the 1st over - 0 run(s), 1 hit(s), 0 error(s), 0 left on base; Utica 1 - Blueville 0
TOP OF THE 2ND
Utica Unicorns batting - Pitching for Blueville 83's : RHP Frank Davis
Batting: RHB José Velázquez 0-0: Called Strike
0-1: Called Strike
0-2: Strikes out swinging
Batting: LHB Caleb Hall 0-0: Ball
1-0: Called Strike
1-1: Ball
2-1: SINGLE (Groundball, 4MD)
Batting: RHB Fernando Gálvez 0-0: 2-RUN HOME RUN (Flyball, 8LXD), Distance : 444 ft
Batting: RHB Gerald Burnett 0-0: Reached on error, E5 (Groundball, 56)
Batting: LHB Pablo Reyes 0-0: 2-RUN HOME RUN (Flyball, 9LD), Distance : 349 ft
Batting: RHB Carlos García 0-0: Called Strike
0-1: Ball
1-1: Foul Ball, location: 2F
1-2: Ball
2-2: Foul Ball, location: 2F
2-2: Fly out, F8 (Line Drive, 8RM)
Batting: LHB Mitchell Oglethorpe 0-0: Ball
1-0: Foul Ball, location: 2F
1-1: Foul Ball, location: 2F
1-2: Ball
2-2: Ball
3-2: Fly out, F8 (Flyball, 89D)
Top of the 2nd over - 4 run(s), 3 hit(s), 1 error(s), 0 left on base; Utica 5 - Blueville 0
BOTTOM OF THE 2ND
Blueville 83's batting - Pitching for Utica Unicorns : RHP Don Wiggins
Batting: SHB Jack Fountain 0-0: Ball
1-0: Ground out 5-3 (Groundball, 25)
Batting: LHB Felipe Cruz 0-0: Called Strike
0-1: Ball
1-1: Swinging Strike
1-2: Foul Ball, location: 2F
1-2: Ball
2-2: Strikes out swinging
Batting: LHB Ron Robinson 0-0: Ball
1-0: SINGLE (Flyball, 7LS)
Batting: RHB Daryl Floyd 0-0: Ball
1-0: Swinging Strike
1-1: Ball
2-1: Ground out 6-3 (Groundball, 6)
Bottom of the 2nd over - 0 run(s), 1 hit(s), 0 error(s), 1 left on base; Utica 5 - Blueville 0
TOP OF THE 3RD
Utica Unicorns batting - Pitching for Blueville 83's : RHP Frank Davis
Batting: SHB Conan Hanson 0-0: Swinging Strike
0-1: Ball
1-1: Swinging Strike
1-2: Foul Ball, location: 2F
1-2: Strikes out swinging
Batting: LHB Tony O'Bryan 0-0: Ball
1-0: Ground out 3-1 (Groundball, 34D)
Batting: RHB José Velázquez 0-0: Called Strike
0-1: Ball
1-1: Ground out 6-3 (Groundball, 6)
Top of the 3rd over - 0 run(s), 0 hit(s), 0 error(s), 0 left on base; Utica 5 - Blueville 0
BOTTOM OF THE 3RD
Blueville 83's batting - Pitching for Utica Unicorns : RHP Don Wiggins
Batting: LHB Jacob Wright 0-0: SOLO HOME RUN (Flyball, 7LD), Distance : 347 ft
Batting: RHB Fernando Díaz 0-0: Ball
1-0: Called Strike
1-1: Ball
2-1: Ball
3-1: Base on Balls
Batting: SHB Bob Noble 0-0: Ball
1-0: Fielders Choice at 2nd, 4-6 (Groundball, 4)
Batting: RHB Matt Perkins 0-0: Called Strike
0-1: Foul Ball, location: 2F
0-2: Ball
1-2: Ball
2-2: Strikes out looking
Batting: RHB Tae-kwon Kwon 0-0: Swinging Strike
0-1: Called Strike
0-2: Strikes out swinging
Bottom of the 3rd over - 1 run(s), 1 hit(s), 0 error(s), 1 left on base; Utica 5 - Blueville 1
TOP OF THE 4TH
Utica Unicorns batting - Pitching for Blueville 83's : RHP Frank Davis
Batting: LHB Caleb Hall 0-0: Called Strike
0-1: Ball
1-1: Called Strike
1-2: Strikes out swinging
Batting: RHB Fernando Gálvez 0-0: Called Strike
0-1: Foul Ball, location: 2F
0-2: Fly out, F8 (Flyball, 8LM)
Batting: RHB Gerald Burnett 0-0: Ball
1-0: Ball
2-0: Called Strike
2-1: Foul Ball, location: 2F
2-2: Ground out 5-3 (Groundball, 5S)
Top of the 4th over - 0 run(s), 0 hit(s), 0 error(s), 0 left on base; Utica 5 - Blueville 1
BOTTOM OF THE 4TH
Blueville 83's batting - Pitching for Utica Unicorns : RHP Don Wiggins
Batting: SHB Jack Fountain 0-0: Called Strike
0-1: SOLO HOME RUN (Flyball, 89XD), Distance : 408 ft
Batting: LHB Felipe Cruz 0-0: Called Strike
0-1: Called Strike
0-2: Ball
1-2: Ball
2-2: Foul Ball, location: 2F
2-2: Ball
3-2: Base on Balls
Batting: LHB Ron Robinson 0-0: Ball
1-0: DOUBLE (Line Drive, 7LM)
Felipe Cruz to third
Batting: RHB Daryl Floyd 0-0: Called Strike
0-1: DOUBLE (Line Drive, 7LM)
Felipe Cruz scores
Ron Robinson scores
Batting: LHB Jacob Wright 0-0: Ball
1-0: Called Strike
1-1: Fly out, F9 (Flyball, 89D)
Runner from 2nd tags up, SAFE at 3rd, no throw
Batting: RHB Fernando Díaz 0-0: Called Strike
0-1: Ball
1-1: Ground out 4-3 (Groundball, 4S)
Daryl Floyd scores
Batting: SHB Bob Noble 0-0: Called Strike
0-1: Ball
1-1: Ground out 1-3 (Groundball, 13S)
Bottom of the 4th over - 4 run(s), 3 hit(s), 0 error(s), 0 left on base; Utica 5 - Blueville 5
TOP OF THE 5TH
Utica Unicorns batting - Pitching for Blueville 83's : RHP Frank Davis
Batting: LHB Pablo Reyes 0-0: Called Strike
0-1: Called Strike
0-2: Ground out 3-1 (Groundball, 34)
Batting: RHB Carlos García 0-0: Foul Ball, location: 2F
0-1: Foul Ball, location: 2F
0-2: Ball
1-2: Foul Ball, location: 2F
1-2: Strikes out swinging
Batting: LHB Mitchell Oglethorpe 0-0: Called Strike
0-1: Foul Ball, location: 2F
0-2: Ball
1-2: Ball
2-2: SINGLE (Groundball, 4MD)
Batting: SHB Conan Hanson 0-0: Ball
1-0: Ball
2-0: Called Strike
2-1: Swinging Strike
2-2: Strikes out swinging, 2-3 out at first.
Top of the 5th over - 0 run(s), 1 hit(s), 0 error(s), 1 left on base; Utica 5 - Blueville 5
BOTTOM OF THE 5TH
Blueville 83's batting - Pitching for Utica Unicorns : RHP Don Wiggins
Batting: RHB Matt Perkins 0-0: Ball
1-0: Called Strike
1-1: Swinging Strike
1-2: Foul Ball, location: 2F
1-2: Strikes out swinging
Batting: RHB Tae-kwon Kwon 0-0: Swinging Strike
0-1: Ball
1-1: SINGLE (Groundball, 4MD)
Batting: SHB Jack Fountain 0-0: Ball
1-0: Fly out, F8 (Line Drive, 89D)
Batting: LHB Felipe Cruz 0-0: Called Strike
0-1: SINGLE (Line Drive, 4M)
Tae-kwon Kwon to second
Batting: LHB Ron Robinson 0-0: Ball
1-0: Called Strike
1-1: Ball
2-1: Fly out, F9 (Flyball, 9D)
Bottom of the 5th over - 0 run(s), 2 hit(s), 0 error(s), 2 left on base; Utica 5 - Blueville 5
TOP OF THE 6TH
Utica Unicorns batting - Pitching for Blueville 83's : RHP Frank Davis
Pitching: LHP Terry Klassen
Batting: LHB Tony O'Bryan 0-0: SINGLE (Line Drive, 89S)
Batting: RHB José Velázquez 0-0: Ball
1-0: Ball
2-0: Foul Ball, location: 2F
2-1: Ball
3-1: Called Strike
3-2: Foul Ball, location: 2F
3-2: Ground out 1-3 (Groundball, P)
Tony O'Bryan to second
Batting: LHB Caleb Hall 0-0: Ball
1-0: Reached on error, E4 (Groundball, 4)
Tony O'Bryan to third
Batting: RHB Fernando Gálvez 0-0: Ball
1-0: Called Strike
1-1: Foul Ball, location: 2F
1-2: Foul Ball, location: 2F
1-2: Ball
2-2: Strikes out swinging
Batting: RHB Gerald Burnett 0-0: Ball
1-0: Foul Ball, location: 2F
1-1: Fly out, F8 (Line Drive, 8RS)
Top of the 6th over - 0 run(s), 1 hit(s), 1 error(s), 2 left on base; Utica 5 - Blueville 5
BOTTOM OF THE 6TH
Blueville 83's batting - Pitching for Utica Unicorns : RHP Don Wiggins
Batting: RHB Daryl Floyd 0-0: Called Strike
0-1: Foul Ball, location: 2F
0-2: Ground out 5-3 (Groundball, 5L)
Batting: LHB Jacob Wright 0-0: Swinging Strike
0-1: Ball
1-1: Foul Ball, location: 2F
1-2: Ball
2-2: Foul Ball, location: 2F
2-2: SINGLE (Groundball, 4D)
Batting: RHB Fernando Díaz 0-0: Swinging Strike
0-1: DOUBLE (Groundball, 5L)
Jacob Wright to third
Batting: SHB Bob Noble 0-0: Called Strike
0-1: Ball
1-1: Ball
2-1: Foul Ball, location: 2F
2-2: Foul Ball, location: 2F
2-2: Ball
3-2: Base on Balls
Batting: RHB Matt Perkins 0-0: Called Strike
0-1: Grounds into double play, 5-2-3 (Groundball, 25)
Bottom of the 6th over - 0 run(s), 2 hit(s), 0 error(s), 2 left on base; Utica 5 - Blueville 5
TOP OF THE 7TH
Utica Unicorns batting - Pitching for Blueville 83's : LHP Terry Klassen
Pinch Hitting: RHB Marcos Castillo 0-0: Ball
1-0: Called Strike
1-1: Foul Ball, location: 2F
1-2: Ball
2-2: Foul Ball, location: 2F
2-2: Foul Ball, location: 2F
2-2: Strikes out swinging
Batting: RHB Carlos García 0-0: Ball
1-0: SOLO HOME RUN (Flyball, 7LD), Distance : 345 ft
Batting: LHB Mitchell Oglethorpe 0-0: Called Strike
0-1: Ball
1-1: Ball
2-1: Foul Ball, location: 2F
2-2: Strikes out looking
Batting: SHB Conan Hanson 0-0: Ball
1-0: Ground out 6-3 (Groundball, 6)
Top of the 7th over - 1 run(s), 1 hit(s), 0 error(s), 0 left on base; Utica 6 - Blueville 5
BOTTOM OF THE 7TH
Blueville 83's batting - Pitching for Utica Unicorns : RHP Don Wiggins
Pitching: RHP Claudio Rivera
Now in LF: José Román
Batting: RHB Tae-kwon Kwon 0-0: Swinging Strike
0-1: Foul Ball, location: 2F
0-2: Foul Ball, location: 2F
0-2: Ball
1-2: Foul Ball, location: 2F
1-2: Strikes out swinging
Batting: SHB Jack Fountain 0-0: Ball
1-0: Fly out, F7 (Flyball, 7S)
Pitching: LHP Javier Luna
Batting: LHB Felipe Cruz 0-0: Ball
1-0: SINGLE (Groundball, 56D)
Pitching: RHP Mario González
Batting: LHB Ron Robinson 0-0: Ball
1-0: Ball
2-0: Ball
3-0: Base on Balls
Felipe Cruz to second
Pinch Hitting: LHB Dave Pitts 0-0: Ball
1-0: Ball
2-0: Foul Ball, location: 2F
2-1: Ground out U3 (Groundball, 34S)
Bottom of the 7th over - 0 run(s), 1 hit(s), 0 error(s), 2 left on base; Utica 6 - Blueville 5
TOP OF THE 8TH
Utica Unicorns batting - Pitching for Blueville 83's : LHP Terry Klassen
Now in RF: Dave Pitts
Batting: LHB Tony O'Bryan 0-0: Swinging Strike
0-1: Swinging Strike
0-2: Ball
1-2: Foul Ball, location: 2F
1-2: Fly out, F5 (Popup, 5S)
Batting: RHB José Velázquez 0-0: Foul Ball, location: 2F
0-1: Ball
1-1: Foul Ball, location: 2F
1-2: Ball
2-2: Strikes out swinging
Batting: LHB Caleb Hall 0-0: Called Strike
0-1: Ball
1-1: Ground out 4-3 (Groundball, 4M)
Top of the 8th over - 0 run(s), 0 hit(s), 0 error(s), 0 left on base; Utica 6 - Blueville 5
BOTTOM OF THE 8TH
Blueville 83's batting - Pitching for Utica Unicorns : RHP Mario González
Pitching: RHP Patrick Doyle
Batting: LHB Jacob Wright 0-0: Foul Ball, location: 2F
0-1: Ball
1-1: Called Strike
1-2: Ball
2-2: Ball
3-2: SINGLE (Line Drive, 34)
Batting: RHB Fernando Díaz 0-0: Ball
1-0: Called Strike
1-1: Ball
2-1: Fly out, F5 (Popup, 56D)
Pitching: LHP Alberto Martínez
Pinch Hitting: RHB Pat Haynes 0-0: Swinging Strike
0-1: Ball
1-1: Fly out, F4 (Line Drive, 4M)
Pitching: RHP Juan Reyes
Pinch Hitting: LHB Cristóbal Cintrón 0-0: SINGLE (Groundball, 56D)
Jacob Wright to second
Batting: RHB Tae-kwon Kwon 0-0: Foul Ball, location: 2F
0-1: Fielders Choice at 2nd, 4-6 (Groundball, 4)
Bottom of the 8th over - 0 run(s), 2 hit(s), 0 error(s), 1 left on base; Utica 6 - Blueville 5
TOP OF THE 9TH
Utica Unicorns batting - Pitching for Blueville 83's : LHP Terry Klassen
Now at 2B: Pat Haynes
Now at SS: Kuniaki Kawashima
Batting: RHB Fernando Gálvez 0-0: Called Strike
0-1: Ball
1-1: Ball
2-1: Ball
3-1: Called Strike
3-2: Base on Balls
Batting: RHB Gerald Burnett 0-0: Ball
1-0: Sac Bunt - play at first, batter OUT! 3-4
Fernando Gálvez to second
Pinch Hitting: RHB Andrew Good 0-0: Ball
1-0: Ground out 5-3 (Groundball, 56)
Batting: RHB Carlos García 0-0: Ground out 6-3 (Groundball, 6D)
Top of the 9th over - 0 run(s), 0 hit(s), 0 error(s), 1 left on base; Utica 6 - Blueville 5
BOTTOM OF THE 9TH
Blueville 83's batting - Pitching for Utica Unicorns : RHP Juan Reyes
Pitching: RHP Jorge Pérez
Now in LF: Jack Bailey
Batting: SHB Jack Fountain 0-0: Ball
1-0: Called Strike
1-1: Ball
2-1: SINGLE (Groundball, 23) (infield hit)
Batting: LHB Felipe Cruz 0-0: Ball
1-0: Swinging Strike
1-1: Ball
2-1: Called Strike
2-2: Strikes out swinging
Batting: LHB Ron Robinson 0-0: DOUBLE (Line Drive, 9D)
Jack Fountain to third
Runner from 3rd tries for Home, SAFE, no throw
Batting: LHB Dave Pitts 0-0: Ball
1-0: Ball
2-0: Called Strike
2-1: Called Strike
2-2: Ground out U3 (Groundball, 34)
Ron Robinson to third
Batting: LHB Jacob Wright 0-0: Ball
1-0: Swinging Strike
1-1: Foul Ball, location: 2F
1-2: Ball
2-2: Foul Ball, location: 2F
2-2: Fly out, F8 (Flyball, 8RD)
Bottom of the 9th over - 1 run(s), 2 hit(s), 0 error(s), 1 left on base; Utica 6 - Blueville 6
TOP OF THE 10TH
Utica Unicorns batting - Pitching for Blueville 83's : LHP Terry Klassen
Pitching: LHP Pierre Dumont
Batting: LHB Mitchell Oglethorpe 0-0: Ball
1-0: Called Strike
1-1: Called Strike
1-2: Ball
2-2: Fly out, F7 (Flyball, 7LS)
Pinch Hitting: RHB Héctor Jiménez 0-0: Ball
1-0: DOUBLE (Line Drive, 5D)
Pinch Hitting: LHB Sixto Cantú 0-0: Called Strike
0-1: Ball
1-1: Ball
2-1: Fly out, F8 (Line Drive, 8RM)
Batting: RHB José Velázquez 0-0: Ball
1-0: Foul Ball, location: 2F
1-1: Foul Ball, location: 2F
1-2: Strikes out swinging
Top of the 10th over - 0 run(s), 1 hit(s), 0 error(s), 1 left on base; Utica 6 - Blueville 6
BOTTOM OF THE 10TH
Blueville 83's batting - Pitching for Utica Unicorns : RHP Jorge Pérez
Now at SS: Héctor Jiménez
Now in CF: Manny Ramírez
Batting: RHB Fernando Díaz 0-0: Foul Ball, location: 2F
0-1: Called Strike
0-2: Ball
1-2: DOUBLE (Line Drive, 7LM)
Batting: RHB Pat Haynes 0-0: Intentional Walk
Batting: RHB Kuniaki Kawashima 0-0: Sac Bunt - play at first, batter OUT! 2-4
Fernando Díaz to third
Pat Haynes to second
Batting: RHB Tae-kwon Kwon 0-0: Intentional Walk
Batting: SHB Jack Fountain 0-0: Foul Ball, location: 2F
0-1: Grounds into double play, 4-2-3 (Groundball, 4)
Bottom of the 10th over - 0 run(s), 1 hit(s), 0 error(s), 2 left on base; Utica 6 - Blueville 6
TOP OF THE 11TH
Utica Unicorns batting - Pitching for Blueville 83's : LHP Pierre Dumont
Pinch Hitting: RHB Mitsuoki Taguchi 0-0: Ball
1-0: Ball
2-0: Ball
3-0: Base on Balls
Batting: RHB Fernando Gálvez 0-0: Called Strike
0-1: Ball
1-1: Ball
2-1: Sac Bunt - play at first, batter OUT! 1-3
Mitsuoki Taguchi to second
Batting: RHB Gerald Burnett 0-0: Intentional Walk
Batting: RHB Jack Bailey 0-0: Ball
1-0: Ball
2-0: Foul Ball, location: 2F
2-1: Ball
3-1: Foul Ball, location: 2F
3-2: Foul Ball, location: 2F
3-2: Fly out, F9 (Flyball, 9LSF)
Batting: RHB Carlos García 0-0: Ball
1-0: Ball
2-0: Swinging Strike
2-1: Ball
3-1: Base on Balls
Mitsuoki Taguchi to third
Gerald Burnett to second
Batting: LHB Mitchell Oglethorpe 0-0: Foul Ball, location: 2F
0-1: Ball
1-1: Ball
2-1: Swinging Strike
2-2: Ball
3-2: Strikes out swinging
Top of the 11th over - 0 run(s), 0 hit(s), 0 error(s), 3 left on base; Utica 6 - Blueville 6
BOTTOM OF THE 11TH
Blueville 83's batting - Pitching for Utica Unicorns : RHP Jorge Pérez
Pitching: RHP Grant Jackson
Now at 3B: Mitsuoki Taguchi
Batting: LHB Felipe Cruz 0-0: Called Strike
0-1: Ball
1-1: Ground out 3-1 (Groundball, 34)
Batting: LHB Ron Robinson 0-0: Ball
1-0: Ball
2-0: Called Strike
2-1: Ball
3-1: Swinging Strike
3-2: Fly out, F5 (Popup, 5D)
Batting: LHB Dave Pitts 0-0: Called Strike
0-1: Foul Ball, location: 2F
0-2: Ball
1-2: Ground out U3 (Groundball, 34)
Bottom of the 11th over - 0 run(s), 0 hit(s), 0 error(s), 0 left on base; Utica 6 - Blueville 6
TOP OF THE 12TH
Utica Unicorns batting - Pitching for Blueville 83's : LHP Pierre Dumont
Batting: RHB Héctor Jiménez 0-0: Foul Ball, location: 2F
0-1: Ball
1-1: SINGLE (Line Drive, 4MD)
Batting: RHB Manny Ramírez 0-0: Ball
1-0: Bunt missed!
1-1: Ball
2-1: Bunted foul
2-2: Fly out, F4 (Popup, 4MD)
Batting: RHB José Velázquez 0-0: Ball
1-0: Ball
2-0: Called Strike
2-1: Foul Ball, location: 2F
2-2: Ball
Héctor Jiménez steals 2nd base
3-2: SINGLE (Line Drive, 8RS)
Héctor Jiménez to third
Runner from 3rd tries for Home, SAFE, no throw
Pitching: RHP Félix Rivera
Batting: RHB Mitsuoki Taguchi 0-0: SINGLE (Flyball, 89S)
José Velázquez to second
Runner from 2nd tries for 3rd, SAFE, throw made to third
Batting: RHB Fernando Gálvez 0-0: Ball
1-0: Swinging Strike
1-1: Foul Ball, location: 2F
1-2: SINGLE (Groundball, 56D)
José Velázquez scores
Mitsuoki Taguchi to second
Batting: RHB Gerald Burnett 0-0: Foul Ball, location: 2F
0-1: Ball
Wild Pitch!
Mitsuoki Taguchi to third
Fernando Gálvez to second
1-1: SINGLE (Groundball, 6MD)
Mitsuoki Taguchi scores
Fernando Gálvez to third
Runner from 3rd tries for Home, throw and OUT!
Batting: RHB Jack Bailey 0-0: Called Strike
0-1: Swinging Strike
0-2: Ball
1-2: Fielders Choice at 2nd, 4-6 (Groundball, 4)
Top of the 12th over - 3 run(s), 5 hit(s), 0 error(s), 0 left on base; Utica 9 - Blueville 6
BOTTOM OF THE 12TH
Blueville 83's batting - Pitching for Utica Unicorns : RHP Grant Jackson
Batting: LHB Jacob Wright 0-0: Ball
1-0: Ball
2-0: Called Strike
2-1: Foul Ball, location: 2F
2-2: Ball
3-2: Base on Balls
Batting: RHB Fernando Díaz 0-0: Ball
1-0: Foul Ball, location: 2F
1-1: DOUBLE (Line Drive, 9LD)
Jacob Wright to third
Batting: RHB Pat Haynes 0-0: Ball
1-0: Foul Ball, location: 2F
1-1: Ball
2-1: Fly out, F8 (Line Drive, 8LM)
Runner from 3rd tags up, SCORES, throw made
Pinch Hitting: LHB Ricardo Romero 0-0: Called Strike
0-1: Ball
1-1: Ball
2-1: Ball
3-1: Foul Ball, location: 2F
3-2: Base on Balls
Batting: RHB Tae-kwon Kwon 0-0: Ball
1-0: Called Strike
1-1: Ball
2-1: Swinging Strike
2-2: Ball
3-2: Foul Ball, location: 2F
3-2: Foul Ball, location: 2F
3-2: Base on Balls
Fernando Díaz to third
Ricardo Romero to second
Batting: SHB Jack Fountain 0-0: Called Strike
0-1: Ball
1-1: Ball
2-1: Swinging Strike
2-2: GRAND SLAM HOME RUN (Flyball, 9LD), Distance : 344 ft
Tuesday, August 8th, 2017 - OOTP Baseball 17.12 Build 75